 Dungeon Crawl Stone Soup version 0.23.2-1-ga50397a (webtiles) character file.

Game seed: 9560923709318178462

51 Borgoz the Slasher (level 3, -2/22 HPs)
             Began as a Gargoyle Gladiator on May 14, 2019.
             Slain by a worm (8 damage)
             ... on level 2 of the Dungeon.
             The game lasted 00:01:45 (1629 turns).

Borgoz the Slasher (Gargoyle Gladiator)             Turns: 1629, Time: 00:01:46

Health: -2/22      AC:  7    Str: 17    XL:     3   Next: 81%
Magic:  3/3        EV: 12    Int:  8    God:
Gold:   93         SH:  0    Dex: 12    Spells: 2/2 levels left

rFire    . . .     SeeInvis .   a - +0 long sword
rCold    . . .     Gourm    .   (no shield)
rNeg     + . .     Faith    .   b - +0 leather armour
rPois    ∞         Spirit   .   c - +0 helmet
rElec    +         Reflect  .   (no cloak)
rCorr    .         Harm     .   (no gloves)
MR       .....                  (no boots)
Stlth    +.........             (no amulet)
HPRegen  0.07/turn              (no ring)
MPRegen  0.08/turn              (no ring)

@: no status effects
A: negative energy resistance 1, electricity resistance, unbreathing,
petrification resistance, rot immunity, AC +3
a: no special abilities


You were on level 2 of the Dungeon.
You were not hungry.

You visited 1 branch of the dungeon, and saw 2 of its levels.

You collected 93 gold pieces.

Inventory:

Hand Weapons
 a - a +0 long sword (weapon)
Missiles
 d - 3 throwing nets (quivered)
Armour
 b - a +0 leather armour (worn)
 c - a +0 helmet (worn)
Jewellery
 n - an uncursed ring of magical power {unknown}
Scrolls
 g - a scroll of enchant weapon {unknown}
 h - 5 scrolls of identify {unknown}
 i - a scroll of immolation {unknown}
 j - a scroll of teleportation {unknown}
 k - a scroll of enchant armour {unknown}
 l - a scroll of blinking {unknown}
Potions
 e - a potion of heal wounds {unknown}
 m - 2 potions of flight {unknown}
 o - a potion of curing {unknown}
 p - a potion of agility {unknown}
Comestibles
 f - 3 rations
 q - 2 chunks of flesh


   Skills:
 + Level 2.8 Fighting
 + Level 3.1 Long Blades
 - Level 2.0 Throwing
 * Level 1.4 Armour
 + Level 2.7 Dodging


You had 2 spell levels left.
You didn't know any spells.
Your spell library was empty.

Dungeon Overview and Level Annotations

Branches:
Dungeon (2/15)

Altars:
Fedhas
Makhleb

Annotations:
D:2 exclusion: oklob plant


Innate Abilities, Weirdness & Mutations

You are resistant to torment.
Your stone body is resilient. (AC +3)
You are immune to poison.
You resist negative energy. (rN+)
You are resistant to electric shocks. (rElec)
You can survive without breathing.
You are immune to petrification.
You are immune to rotting.


Message History

The worm barely misses you.
You barely miss the worm.
The worm is lightly wounded.
You hit the worm but do no damage.
The worm is lightly wounded.
The worm bites you!
You barely miss the worm.
The worm is lightly wounded.
The worm bites you.
* * * LOW HITPOINT WARNING * * *
You slash the worm!
The worm is heavily wounded.
The worm misses you.
You riposte.
You slash the worm!
The worm is severely wounded.
You barely miss the worm.
The worm is severely wounded.
You hit the worm.
The worm is almost dead.
The worm bites you!
You die...

PP.P.♣.# #.# #.# ♣#P.#PP# #.# #.#
PP##P## #.#####.# ########
#....##.### ##.##.# ####.##..)#
##.#.#.# #.##.#.. #[###..#
#####≈≈. .## ##.#
############⌠#⌠##≈. #.###.##
#.@w.....##§≈≈§≈#≈.
##.#.##########.#########≈...§#≈.
##.............# #⌠≈..§§#≈.
############### ##≈._..'..
#⌠≈§..≈#§# ##§§§§§#§# #≈§§≈≈#≈#
##⌠#⌠##§# #####§§#


You could see a worm.

Vanquished Creatures
  An ooze (D:2)
  3 dart slugs (D:1)
  A leopard gecko (D:1)
  3 bats
  3 giant cockroaches (D:1)
  4 goblins
  5 hobgoblins
  8 kobolds
  A quokka (D:2)
  A ball python (D:1)
  A frilled lizard (D:1)
  7 rats (D:1)
38 creatures vanquished.

Notes
Turn   | Place    | Note
-------+----------+-------------------------------------------
     0 | D:1      | Borgoz the Gargoyle Gladiator began the quest for the Orb.
     0 | D:1      | Reached XP level 1. HP: 12/12 MP: 1/1
   138 | D:1      | Reached XP level 2. HP: 18/18 MP: 2/2
   454 | D:1      | Reached XP level 3. HP: 19/22 MP: 3/3
   468 | D:1      | Reached skill level 1 in Armour
   554 | D:1      | Reached skill level 3 in Long Blades
  1277 | D:2      | Found a burning altar of Makhleb.
  1394 | D:2      | Found a blossoming altar of Fedhas.
  1417 | D:2      | Noticed an oklob plant
  1629 | D:2      | Slain by a worm

Skill      XL: |  1  2  3 |
---------------+----------+-----
Throwing       | 2 |  2.0
Armour         | 1 |  1.4
Long Blades    | 3 |  3.1
Fighting       | |  2.8
Dodging        | |  2.7

Action                   || total
-------------------------++-------
Melee: Long sword        ||    99
  Eat: Chunk             ||     2
Armor: Leather armour    ||    29
Dodge: Dodged            ||    68
       Rpst.: Long sword ||    26
